 Dungeon Crawl Stone Soup version 0.24.0-7-gb3623d2c88 (webtiles) character file.

Game seed: 3780261188334143524, levelgen mode: deterministic

17258 night the Thaumaturge (level 12, -3/98 (101) HPs)
             Began as a Yellow Draconian Ice Elementalist on Nov 1, 2019.
             Was a High Priest of Kikubaaqudgha.
             Shot with an arrow by a centaur (13 damage)
             ... led by a centaur warrior
             ... on level 11 of the Dungeon on Nov 2, 2019.
             The game lasted 01:11:57 (18661 turns).

night the Thaumaturge (DrIE)                       Turns: 18661, Time: 01:12:00

HP:   -3/98 (101)   AC: 12    Str: 11    XL:     12   Next: 17%
MP:   23/25         EV: 12    Int: 21    God:    Kikubaaqudgha [*****.]
Gold: 1718          SH:  5    Dex: 13    Spells: 5/30 levels left

rFire    . . .     SeeInvis .   a - staff of wizardry
rCold    + . .     Gourm    .   I - +0 buckler
rNeg     + . .     Faith    .   (armour unavailable)
rPois    .         Spirit   .   J - +1 hat
rElec    .         Reflect  .   (no cloak)
rCorr    +         Harm     .   T - +0 pair of gloves
MR       .....                  r - +1 pair of boots
Stlth    ++........             (no amulet)
HPRegen  0.26/turn              e - ring of protection from cold
MPRegen  0.19/turn              H - ring of positive energy

@: no status effects
A: spit acid, unfitting armour, antennae 1, hooves 1, agile 1, cold-blooded,
acid resistance, AC +8
a: Breathe Acid, Receive Corpses, Torment, Renounce Religion


You were on level 11 of the Dungeon.
You worshipped Kikubaaqudgha.
Kikubaaqudgha was extremely pleased with you.
You were near starving.

You visited 2 branches of the dungeon, and saw 14 of its levels.
You also visited: Ossuary.

You collected 1944 gold pieces.
You spent 226 gold pieces at shops.

Inventory:

Hand Weapons
 b - a +2 mace of protection
 k - a +0 hand crossbow of freezing
Missiles
 f - 6 silver javelins
 g - 12 curare-tipped darts (quivered)
 i - 41 bolts
 j - 90 sling bullets
 p - 296 stones
 q - 12 boomerangs
 x - 9 javelins
Armour
 r - a +1 pair of boots (worn)
 I - a +0 buckler (worn)
 J - a +1 hat (worn)
 T - a +0 pair of gloves (worn)
Magical Staves
 a - an uncursed staff of wizardry (weapon)
 Q - an uncursed staff of conjuration
Jewellery
 e - a ring of protection from cold (left hand)
 H - a ring of positive energy (right hand)
 K - a +4 ring of strength
 P - a +3 amulet of reflection {unknown}
Wands
 s - a wand of acid (15)
 y - a wand of polymorph (8)
 F - a wand of flame (25)
 V - a wand of clouds (7)
Scrolls
 d - 6 scrolls of magic mapping
 m - a scroll of enchant weapon
 n - 4 scrolls of blinking
 v - 2 scrolls of amnesia
 C - 5 scrolls of teleportation
 G - 3 scrolls of enchant armour
 N - a scroll of fear
 R - 4 scrolls of identify
 S - 2 scrolls of fog
Potions
 c - 3 potions of ambrosia
 h - 5 potions of flight
 l - 2 potions of haste
 t - 3 potions of might
 u - 5 potions of lignification
 w - 7 potions of curing
 z - a potion of brilliance {unknown}
 A - a potion of invisibility {unknown}
 B - 5 potions of agility
 D - 2 potions of berserk rage {unknown}
 E - 4 potions of heal wounds
 L - 2 potions of resistance
 M - a potion of magic {unknown}
 U - a potion of experience {unknown}
Miscellaneous
 O - a crystal ball of energy
Comestibles
 o - 15 rations


   Skills:
 - Level 7.7 Fighting
 - Level 1.7 Dodging
 - Level 1.7 Stealth
 - Level 4.9 Shields
 * Level 8.9 Unarmed Combat
 + Level 9.6 Spellcasting
 - Level 4.9 Conjurations
 - Level 7.7 Necromancy
 + Level 3.4 Transmutations
 - Level 7.8 Ice Magic


You had 5 spell levels left.
You knew the following spells:

 Your Spells              Type           Power        Failure   Level  Hunger
a - Freeze                Ice            ####         1%          1    None
b - Throw Frost           Conj/Ice       #####.       1%          2    None
c - Throw Icicle          Conj/Ice       #####...     1%          4    ##.....
d - Ozocubu's Armour      Chrm/Ice       ####....     1%          3    None
e - Animate Dead          Necr           N/A          1%          4    ##.....
f - Borgnjor's Vile Clut  Necr/Erth      ####......   16%         5    ####...
g - Hydra Form            Tmut           ###.......   65%         6    ######.

Your spell library contained the following spells:

 Spells                   Type           Power        Failure   Level  Hunger
 Magic Dart               Conj           ####         1%          1    None
 Pain                     Necr           ####         1%          1    None
 Shock                    Conj/Air       ###.         1%          1    None
 Corpse Rot               Necr           N/A          1%          2    None
 Searing Ray              Conj           ####..       1%          2    None
 Sublimation of Blood     Necr           #####.....   1%          2    None
 Regeneration             Chrm/Necr      ####......   1%          3    None
 Confusing Touch          Hex            ##....       2%          1    None
 Dazzling Spray           Conj/Hex       ###...       3%          3    None
 Static Discharge         Conj/Air       ###.....     3%          3    None
 Iskenderun's Mystic Bla  Conj           ####....     3%          4    ##.....
 Dispel Undead            Necr           #####...     3%          5    ####...
 Poisonous Vapours        Pois/Air       ##....       4%          2    None
 Swiftness                Chrm/Air       ##......     4%          2    None
 Summon Ice Beast         Ice/Summ       ####....     5%          4    ##.....
 Confuse                  Hex            ##......     9%          3    None
 Gell's Gravitas          Tloc           ##........   9%          3    None
 Lesser Beckoning         Tloc           ##........   9%          3    None
 Force Lance              Conj/Tloc      ###.....     10%         4    ##.....
 Fulminant Prism          Conj/Hex       ###.......   10%         4    ##.....
 Petrify                  Tmut/Erth      ###.....     13%         4    ##.....
 Irradiate                Conj/Tmut      ####......   13%         5    ####...
 Excruciating Wounds      Chrm/Necr      ####......   16%         5    ####...
 Metabolic Englaciation   Hex/Ice        ####......   16%         5    ####...
 Airstrike                Air            ##........   26%         4    ##.....
 Passage of Golubria      Tloc           N/A          26%         4    ##.....
 Lightning Bolt           Conj/Air       ###.......   26%         5    ####...
 Yara's Violent Unravell  Hex/Tmut       ###.......   34%         5    ####...
 Summon Forest            Summ/Tloc      ##........   56%         5    ####...
 Death Channel            Necr           #####.....   17%         6    ######.
 Statue Form              Tmut/Erth      ###......    87%         6    ######.
 Dragon Form              Tmut           ###.......   99%         7    #######


Dungeon Overview and Level Annotations

Branches:
Dungeon (13/15)            Temple (1/1) D:5             Orc (0/2) D:10
Ossuary (visited)
   Lair: D:8-11      Vaults: D:13-14

Altars:
Ashenzari
Cheibriados
Dithmenos
Elyvilon
Fedhas
Gozag
Hepliaklqana
Kikubaaqudgha
Makhleb
Nemelex Xobeh
Okawaru
Qazlal
Ru
Sif Muna
Trog
Uskayaw
Vehumet
Wu Jian
Xom
Yredelemnul
Zin
The Shining One

Shops:
D:8 (

Annotations:
D:9 3 runed translucent doors, Hotior's ghost, journeyman FoFi
D:13 Rupert


Innate Abilities, Weirdness & Mutations

You can spit globs of acid.
Your golden yellow scales are hard. (AC +8)
You cannot fit into any form of body armour.
You are cold-blooded and may be slowed by cold attacks.
You are resistant to acid. (rCorr)
You have a pair of small antennae on your head.
You have large cloven feet.
You are agile. (Dex +2)


Message History

You see here an arrow.
The centaur warrior shoots an arrow.
The arrow hits you!
The centaur shoots an arrow.
The arrow barely misses you.
You see here 2 arrows.
The centaur shoots an arrow.
The arrow hits you but does no damage.
The centaur warrior shoots an arrow.
You block the arrow.
The centaur shoots an arrow.
The arrow hits you but does no damage.
You see here 2 arrows.
The centaur shoots an arrow.
The arrow hits you but does no damage.
The centaur shoots an arrow.
The arrow hits you but does no damage.
The centaur shoots an arrow.
The arrow hits you! The arrow burns you.
There is a stone staircase leading up, spattered with blood here.
You see here 3 arrows.
The centaur warrior shoots an arrow.
The arrow hits you!!
* * * LOW HITPOINT WARNING * * *
The centaur shoots an arrow.
The arrow hits you.
* * * LOW HITPOINT WARNING * * *
The centaur shoots an arrow.
The arrow hits you!
You die...
Kikubaaqudgha rasps: "You have failed me!
Welcome... death!"

#..# #.# #..#
####.# #..#
#.##.# #).#
#.##.# #..#
#.##.# ...#
#..#.# #
#####....# .#
##.....((@# ..#
#.........##...#
#....(.........#
#...(..........#
#(((...........#
#.(............#
#....c..c......#
#........c.....#
#..............#


You could see a centaur warrior and 2 centaurs.

Vanquished Creatures
  3 two-headed ogres
  A tengu warrior (D:13)
  An unseen horror (D:9)
  An ugly thing (D:10)
  2 deep elf magi
  An orc sorcerer (D:10)
  A cyclops (D:9)
  A guardian serpent (D:11)
  An efreet (D:9)
  A yaktaur (D:13)
  A tengu conjurer (D:9)
  A troll (D:9)
  2 hornets
  Grinder (D:3)
  5 hippogriffs
  A meliai zombie (D:13)
  3 wraiths
  14 yaks
  A human (D:8)
  2 hungry ghosts
  A water moccasin (D:10)
  3 orc warriors
  3 sky beasts
  2 necrophages
  5 ogres
  5 ice beasts
  A black bear (D:6)
  8 phantoms
  5 centaurs
  2 elf zombies (Ossuary)
  A big kobold (D:10)
  2 bullfrogs
  A water moccasin zombie (D:7)
  A wyvern zombie (D:10)
  8 scorpions
  3 wights (D:10)
  An electric eel (D:7)
  3 howler monkeys
  5 crimson imps
  A quasit (D:8)
  7 hounds
  2 bullfrog zombies
  2 centaur skeletons
  4 orc priests
  A human zombie (Ossuary)
  5 jellies
  An iguana (D:6)
  3 bullfrog skeletons
  6 orc wizards
  10 worker ants
  8 ogre zombies (D:10)
  A centaur simulacrum (D:9)
  2 hound zombies
  4 mummies (Ossuary)
  3 gnolls (D:9)
  13 adders
  A shadow imp (D:9)
  2 oozes
  3 adder skeletons
  3 worms
  A dart slug (D:1)
  6 leopard geckos
  35 orcs
  3 ball pythons
  4 giant cockroaches
  8 goblins
  10 hobgoblins
  5 jackals
  9 kobolds
  7 quokkas
  7 bats
  5 frilled lizards
  A gnoll zombie (Ossuary)
  A goblin skeleton (D:10)
  5 goblin zombies
  3 hobgoblin skeletons (D:10)
  A hobgoblin zombie (D:10)
  2 jackal zombies (Ossuary)
  A kobold zombie (Ossuary)
  2 orc skeletons (D:10)
  15 orc zombies (D:10)
  A quokka skeleton (D:4)
  9 rats
  A rat zombie (Ossuary)
328 creatures vanquished.

Vanquished Creatures (collateral kills)
  2 gargoyles (D:9)
  A yak (D:9)
  A water moccasin (D:9)
  A water moccasin zombie (D:9)
  An orc wizard (D:9)
  A hound zombie (Ossuary)
7 creatures vanquished.

Vanquished Creatures (others)
  A hydra (D:13)
  A human (D:3)
  A centaur skeleton (D:9)
3 creatures vanquished.

Grand Total: 338 creatures vanquished

Notes
Turn   | Place    | Note
-------+----------+-------------------------------------------
     0 | D:1      | night the Draconian Ice Elementalist began the quest for
                  | the Orb.
     0 | D:1      | Reached XP level 1. HP: 14/14 MP: 3/3
   185 | D:1      | Reached XP level 2. HP: 22/22 MP: 0/5
   238 | D:1      | Learned a level 2 spell: Throw Frost
   257 | D:1      | Reached skill level 1 in Fighting
   869 | D:2      | Reached XP level 3. HP: 27/29 MP: 3/6
   932 | D:2      | Learned a level 3 spell: Ozocubu's Armour
  1072 | D:2      | Found a white marble altar of Elyvilon.
  1301 | D:2      | Reached XP level 4. HP: 36/36 MP: 2/8
  1686 | D:3      | Found an ancient bone altar of Kikubaaqudgha.
  1686 | D:3      | Noticed a human
  1690 | D:3      | Killed a human
  1693 | D:3      | Became a worshipper of Kikubaaqudgha
  1756 | D:3      | Found a shattered altar of Ashenzari.
  1944 | D:3      | Reached skill level 3 in Spellcasting
  2017 | D:3      | Found a blossoming altar of Fedhas.
  2058 | D:3      | Found a stormy altar of Qazlal.
  2365 | D:3      | Noticed Grinder
  2371 | D:3      | Paralysed by Grinder for 3 turns
  2377 | D:3      | Killed Grinder
  2377 | D:3      | Reached XP level 5. HP: 7/46 MP: 1/10
  2377 | D:3      | Reached XP level 6. HP: 8/52 MP: 1/11
  2891 | D:4      | Reached skill level 4 in Spellcasting
  3075 | D:4      | Reached skill level 5 in Ice Magic
  3224 | D:4      | Found a glowing silver altar of Zin.
  3224 | D:4      | Found Zin's Purification Station.
  3232 | D:4      | Bought a potion of curing for 90 gold pieces
  3264 | D:4      | Your scales start taking on a golden yellow colour.
  3264 | D:4      | Reached XP level 7. HP: 60/60 MP: 8/13
  3264 | D:4      | Gained mutation: You are resistant to acid. (rCorr) [Yellow
                  | Draconian growth]
  3487 | D:4      | Found a sacrificial altar of Ru.
  3576 | D:5      | Entered Level 5 of the Dungeon
  3792 | D:5      | Found a staircase to the Ecumenical Temple.
  3799 | Temple   | Entered the Ecumenical Temple
  3868 | D:5      | Noticed a hippogriff
  3880 | D:5      | Killed a hippogriff
  3880 | D:5      | Reached * piety under Kikubaaqudgha
  3880 | D:5      | Identified Kikubaaqudgha's Guide on Black Rites
                  | (Kikubaaqudgha gifted it to you on level 5 of the Dungeon)
  3880 | D:5      | Received a gift from Kikubaaqudgha
  3880 | D:5      | Reached skill level 5 in Fighting
  4065 | D:5      | Learned a level 4 spell: Throw Icicle
  4181 | D:5      | Reached skill level 5 in Spellcasting
  4530 | D:6      | Reached XP level 8. HP: 55/70 MP: 6/15
  4756 | D:6      | HP: 3/70 [orc warrior/stone (16)]
  5546 | D:6      | Reached ** piety under Kikubaaqudgha
  5596 | D:6      | Reached skill level 6 in Spellcasting
  5914 | D:6      | Reached skill level 1 in Shields
  6364 | D:7      | Reached XP level 9. HP: 63/78 MP: 14/18
  6371 | D:7      | Noticed a deep elf mage
  6507 | D:7      | Killed a deep elf mage
  6746 | D:7      | Reached skill level 1 in Necromancy
  7676 | D:7      | Reached *** piety under Kikubaaqudgha
  7676 | D:7      | Identified Kikubaaqudgha's Grimoire of Black Rites
                  | (Kikubaaqudgha gifted it to you on level 7 of the Dungeon)
  7676 | D:7      | Received a gift from Kikubaaqudgha
  7679 | D:7      | Paralysed by a hornet for 3 turns
  8352 | D:7      | Reached XP level 10. HP: 59/86 MP: 6/20
  8468 | D:7      | Learned a level 4 spell: Animate Dead
  8761 | D:8      | Found a sand-covered staircase.
  8770 | Ossuary  | Entered an ossuary
  8848 | Ossuary  | Upgraded the game from 0.24.0-5-g267a8d59f4 to
                  | 0.24.0-7-gb3623d2c88
  9205 | Ossuary  | Learned a level 5 spell: Borgnjor's Vile Clutch
  9229 | Ossuary  | Identified 2 scrolls of acquirement
  9345 | Ossuary  | Gained mutation: Scrolls take you a little longer to read.
                  | [potion of mutation]
  9345 | Ossuary  | Gained mutation: You have large cloven feet. [potion of
                  | mutation]
  9345 | Ossuary  | Gained mutation: You are agile. (Dex +2) [potion of
                  | mutation]
  9346 | Ossuary  | Lost mutation: Scrolls take you a little longer to read.
                  | [potion of mutation]
  9346 | Ossuary  | Lost mutation: You are agile. (Dex +2) [potion of mutation]
  9346 | Ossuary  | Gained mutation: You have a pair of small antennae on your
                  | head. [potion of mutation]
  9346 | Ossuary  | Gained mutation: You are agile. (Dex +2) [potion of
                  | mutation]
  9640 | D:8      | Found Loapp's Antique Weapon Shop.
  9643 | D:8      | Bought a runed hand crossbow for 136 gold pieces
 10351 | D:8      | Reached skill level 1 in Unarmed Combat
 10351 | D:8      | Reached skill level 7 in Spellcasting
 10660 | D:8      | Reached skill level 5 in Necromancy
 11216 | D:9      | Reached **** piety under Kikubaaqudgha
 11238 | D:9      | Noticed a two-headed ogre
 11250 | D:9      | Killed a two-headed ogre
 11535 | D:9      | Noticed a two-headed ogre
 11544 | D:9      | Killed a two-headed ogre
 12161 | D:9      | Reached skill level 5 in Unarmed Combat
 12612 | D:9      | Reached XP level 11. HP: 89/93 MP: 15/22
 13016 | D:9      | Killed an unseen horror
 13016 | D:9      | Reached skill level 8 in Spellcasting
 13527 | D:9      | Noticed a deep elf mage
 13993 | D:9      | Identified Feutzeps's Papyrus of the Venomous Traveller
 14397 | D:9      | Killed a deep elf mage
 14522 | D:9      | Learned a level 6 spell: Hydra Form
 14701 | D:9      | Found a runed translucent gate.
 14702 | D:9      | Found a runed translucent gate.
 14703 | D:9      | Found a runed translucent gate.
 14705 | D:9      | Noticed Hotior's ghost (journeyman FoFi)
 14891 | D:9      | Found a hide-covered altar of Uskayaw.
 14895 | D:9      | Found an iron altar of Okawaru.
 14898 | D:9      | Found an ornate altar of the Wu Jian Council.
 14975 | D:10     | Entered Level 10 of the Dungeon
 15063 | D:10     | Noticed a white ugly thing
 15090 | D:10     | Killed a red ugly thing
 15090 | D:10     | Reached skill level 1 in Transmutations
 15408 | D:10     | You fall into a shaft and drop 3 floors!
 15408 | D:13     | Noticed a centaur warrior
 15408 | D:13     | Noticed a seven-headed hydra
 15408 | D:13     | Noticed a deep troll earth mage
 15408 | D:13     | Noticed Rupert
 15409 | D:13     | Noticed a tengu reaver
 15409 | D:13     | Noticed a fire dragon
 15858 | D:13     | Noticed a two-headed ogre
 15871 | D:13     | Killed a two-headed ogre
 15871 | D:13     | Reached skill level 9 in Spellcasting
 16181 | D:13     | Noticed a tengu warrior
 16242 | D:13     | Killed a tengu warrior
 16338 | D:13     | Killed a seven-headed hydra
 16493 | D:13     | Noticed an ettin
 16502 | D:13     | Noticed a centaur warrior
 16876 | D:10     | Reached ***** piety under Kikubaaqudgha
 17189 | D:10     | Found a staircase to the Orcish Mines.
 17189 | D:10     | Noticed an orc sorcerer
 17222 | D:10     | Killed an orc sorcerer
 17222 | D:10     | Reached XP level 12. HP: 78/98 MP: 1/25
 18182 | D:10     | Paralysed by a hornet for 2 turns
 18654 | D:11     | Noticed a centaur warrior
 18661 | D:11     | Shot with an arrow by a centaur

Levels and vault maps discovered:
D:1:      mrwooster_arrival_statue_2, layout_rooms, minmay_domino_4
D:2:      layout_rooms, nicolae_overflow_crystal_walls
D:3:      layout_loops_cross, grunt_temple_overflow_forces_of_nature,
          cheibrodos_ashenzari_chains, first_ration, serial_park_tiny_pond,
          tgw_kikubaaqudgha, uniq_grinder
D:4:      layout_rooms, zin_purify, nicolae_ru_path_of_blood
D:5:      layout_cave_pools, minmay_temple_entry_arrows, minivault_5
D:6:      layout_loops_corners, minmay_fractal_squares_gapless_5
D:7:      layout_cave_pools, kennysheep_opposing_triangles
D:8:      layout_basic, serial_shops, kennysheep_mini_moat,
          nicolae_ossuary_entry_monument, grunt_pizzeria
D:9:      minmay_the_grid_square_5x5_4x4 [minmay_the_grid_square_5x5_shrine2,
          minmay_the_grid_square_5x5_tri_point,
          minmay_the_grid_square_5x5_inverted_slash,
          minmay_the_grid_square_5x5_inner_i, minmay_the_grid_square_5x5_z,
          minmay_the_grid_square_5x5_prize_waves,
          minmay_the_grid_square_5x5_prize_rear_guard,
          minmay_the_grid_square_5x5_fat_x, minmay_the_grid_square_5x5_n_small,
          minmay_the_grid_square_5x5_prize_gold,
          minmay_the_grid_square_5x5_prize_open,
          minmay_the_grid_square_5x5_inner_v, minmay_the_grid_square_5x5_forky,
          minmay_the_grid_square_5x5_broken_cross,
          minmay_the_grid_square_5x5_lines, minmay_the_grid_square_5x5_tie],
          layout_loops_ring, minitemple, gammafunk_ghost_necromancy
D:10:     layout_loops_cross, zombieorc2_lemuel
D:11:     nrook_guardian_serpent_snake_passage, layout_long_grid,
          erik_lair_dragon
D:12:     layout_cave_pods
D:13:     minmay_guarded_unrand_guard, layout_loops_cross, david_vaults_4,
          kennysheep_small_square, uniq_azrael, uniq_rupert
Temple:   cyrus_circular_temple

Skill      XL: |  1  2  3  4  5  6  7  8  9 10 11 12 |
---------------+-------------------------------------+-----
Fighting       | 1 2 3 4 5 6 7 |  7.7
Spellcasting   | 3 4 5 6 7 9 |  9.6
Ice Magic      | 4 5 6 7 |  7.8
Conjurations   | 3 4 |  4.9
Shields        | 2 4 |  4.9
Necromancy     | 3 6 7 |  7.7
Unarmed Combat | 5 8 |  8.9
Transmutations | 2 3 |  3.4
Dodging        | |  1.7
Stealth        | |  1.7

Action                   |  1- 3 |  4- 6 |  7- 9 | 10-12 || total
-------------------------+-------+-------+-------+-------++-------
Melee: Whip              |    17 |       |       |       ||    17
       Unarmed           |     4 |       |       |    17 ||    21
       Tailslap          |     3 |     4 |    22 |    97 ||   126
       Mace              |    21 |    52 |   201 |   670 ||   944
       Staff             |       |       |    19 |     1 ||    20
Throw: Javelin           |       |       |       |     1 ||     1
 Cast: Freeze            |    41 |    55 |   166 |   145 ||   407
       Throw Frost       |     2 |    13 |    33 |    73 ||   121
       Ozocubu's Armour  |       |     1 |     1 |    16 ||    18
       Throw Icicle      |       |       |     6 |    69 ||    75
       Animate Dead      |       |       |       |     8 ||     8
       Borgnjor's Vile C |       |       |       |    18 ||    18
Invok: Receive Corpses   |       |       |       |     1 ||     1
 Abil: Breathe Acid      |       |       |     5 |     8 ||    13
Evoke: Wand              |       |     3 |       |    13 ||    16
  Use: Scroll            |       |     6 |     6 |    13 ||    25
       Potion            |       |       |       |     2 ||     2
 Stab: Sleeping          |       |       |     1 |     1 ||     2
       Distracted        |       |       |       |     1 ||     1
  Eat: Chunk             |     2 |     4 |    10 |    37 ||    53
       Ration            |       |     1 |     2 |     6 ||     9
Armor: Skin              |    29 |    32 |   176 |   523 ||   760
Dodge: Dodged            |    53 |    50 |   250 |   585 ||   938
Block: Buckler           |       |       |    47 |   218 ||   265
